 Seeded DCSS version 0.26-a0-610-g3e9335b (webtiles) character file.

Game seed: 7043164666693354244 (custom seed)

30 Dorkslayer the Conjurer (level 3, -9/24 HPs)
             Began as a Barachi Conjurer on Sept 4, 2020.
             Mangled by a worm (11 damage)
             ... on level 2 of the Dungeon.
             The game lasted 00:05:48 (779 turns).

Dorkslayer the Conjurer (Barachi Conjurer)           Turns: 779, Time: 00:05:49

Health: -9/24      AC:  6    Str:  8    XL:     3   Next: 20%
Magic:  1/6        EV: 11    Int: 19    God:
Gold:   32         SH:  3    Dex: 10    Spells: 4/7 levels left

rFire    . . .     SeeInvis .   d - +0 dagger
rCold    . . .     Faith    .   e - +0 buckler
rNeg     . . .     Spirit   .   a - +0 robe
rPois    .         Reflect  .   (no helmet)
rElec    .         Harm     .   (no cloak)
rCorr    .                      (no gloves)
MR       +....                  (no boots)
Stlth    ++........             (no amulet)
HPRegen  0.08/turn              f - ring of protection from magic
MPRegen  0.10/turn              i - +4 ring of protection

@: slow
A: +LOS, swims, slowness 1, strong legs 1
a: Hop


You were on level 2 of the Dungeon.
You visited 1 branch of the dungeon, and saw 2 of its levels.

You collected 32 gold pieces.

Inventory:

Hand Weapons
 b - a +0 whip
 d - a +0 dagger (weapon)
Armour
 a - a +0 robe (worn)
 e - a +0 buckler (worn)
Jewellery
 f - a ring of protection from magic (left hand)
 i - a +4 ring of protection (right hand)
Scrolls
 c - a scroll of blinking {unknown}
 g - a scroll of amnesia {unknown}
Potions
 h - a potion of brilliance {unknown}
 j - a potion of flight {unknown}


   Skills:
 + Level 0.4 Maces & Flails
 + Level 2.3 Dodging
 + Level 1.8 Stealth
 * Level 0.6 Shields
 - Level 0.9 Unarmed Combat
 + Level 2.5 Spellcasting
 + Level 4.8 Conjurations


You had 4 spell levels left.
You knew the following spells:

 Your Spells              Type           Power        Failure   Level
a - Magic Dart            Conj           ###.         3%          1
b - Searing Ray           Conj           ###...       4%          2

Your spell library contained the following spells:

 Spells                   Type           Power        Failure   Level
 Dazzling Flash           Conj/Hex       ##....       26%         3
 Fulminant Prism          Conj/Hex       ##........   65%         4
 Iskenderun's Mystic Bla  Conj/Tloc      ##......     65%         4


Dungeon Overview and Level Annotations

Branches:
Dungeon (2/15)

Altars:


Innate Abilities, Weirdness & Mutations

You can be seen from farther away. (+LOS)
You can swim through water.
You cover ground slowly.
You can hop short distances.


Message History

You hit the worm.
The worm is lightly wounded.
You hit the worm.
The worm is moderately wounded.
The worm bites you!
Ouch! That really hurt!
* * * LOW HITPOINT WARNING * * *
You barely miss the worm.
The worm is lightly wounded.
You hit the worm but do no damage.
The worm is lightly wounded.
The worm barely misses you.
You hit the worm but do no damage.
The worm is lightly wounded.
The worm misses you.
You hit the worm but do no damage.
Your shield prevents you from hitting the worm.
You block the worm's attack.
You hit the worm but do no damage. The worm bites you!
You die...

###########
#.........#
#.........#
#.........#######
###...............
...............##
#.....@...>...#
#.....w.<.#..+#
#............#
#..........####
..#........# .
#.......##
#.......#
#.......#
#..$....#


You could see a worm.

Vanquished Creatures
  A leopard gecko (D:1)
  7 bats
  2 giant cockroaches (D:1)
  7 goblins (D:1)
  2 hobgoblins (D:1)
  A frilled lizard (D:1)
  3 kobolds (D:1)
  4 rats (D:1)
27 creatures vanquished.

Notes
Turn   | Place    | Note
-------+----------+-------------------------------------------
     0 | D:1      | Dorkslayer the Barachi Conjurer began the quest for the
                  | Orb.
     0 | D:1      | Reached XP level 1. HP: 13/13 MP: 3/3
   193 | D:1      | Reached XP level 2. HP: 16/19 MP: 1/5
   570 | D:1      | Learned a level 2 spell: Searing Ray
   597 | D:1      | Reached XP level 3. HP: 24/24 MP: 3/6
   779 | D:2      | Mangled by a worm

Illustrated notes

Levels and vault maps discovered:
D:1:      ebering_trefoil_3fold, layout_rooms, corexii_hall_statues_x
D:2:      wander_river, layout_rooms, nicolae_overflow_quartered_altars,
          okawaru_ov_weapons_minmay, lemuel_crystal_altar, uniq_robin

Action                   || total
-------------------------++-------
Melee: Unarmed           ||    15
       Whip              ||    15
       Dagger            ||    45
 Cast: Magic Dart        ||    29
       Searing Ray       ||     1
Armor: Robe              ||    11
Dodge: Dodged            ||    54
Block: Buckler           ||     3

Table legend: (Time is in decaauts)
 A = Elapsed time spent in this place.
 B = Non-inter-level travel time spent in this place.
 C = Inter-level travel time spent in this place.
 D = Time resting spent in this place.
 E = Time spent auto-exploring this place.
 F = Levels seen in this place.
 G = Mean time per level.
                   A        B        C        D        E       F      G
               +--------+--------+--------+--------+--------+-----+--------+
         Total |    855 |    855 |      0 |    259 |     32 |   2 |  427.5 |
       Dungeon |    855 |    855 |      0 |    259 |     32 |   2 |  427.5 |
               +--------+--------+--------+--------+--------+-----+--------+

Top non-repeatable levels by time:
     D:1: 826 daAuts
     D:2: 28 daAuts
